 Dungeon Crawl Stone Soup version 0.31.0-11-ge490571c62 (webtiles) character file.

Game seed: 13749352964028936987

401 Rassilon the Insei (level 6, -1/53 HPs)
             Began as a Demonspawn Monk on Feb 2, 2024.
             Slain by Arctor's ghost (15 damage)
             ... on level 3 of the Dungeon.
             The game lasted 00:10:33 (2720 turns).

Rassilon the Insei (Demonspawn Monk)                Turns: 2720, Time: 00:10:35

Health: -1/53      AC:  3    Str: 13    XL:     6   Next: 54%
Magic:  6/6        EV: 13    Int: 10    God:
Gold:   154        SH:  0    Dex: 13    Spells: 5/5 levels left

rFire   . .          .
                       - Unarmed
rCold   . . .        c - orb {light}
rNeg    . . .        l - +0 robe of Midnight {+Inv Fly Dex-3 SInv}
rPois   .            (no helmet)
rElec   .            (no cloak)
rCorr   .            (no gloves)
SInv    +            (no boots)
Will    +....        (no amulet)
Stlth   +            k - ring of wizardry
HPRegen 0.28/turn    (no ring)
MPRegen 0.10/turn

%: wizardry (x1)
@: mighty, enlightened, flying, hasted, glowing, very quick
A: spiny 1, demonic touch 2, robust 1, shaggy fur 1
a: Evoke Invisibility


You were on level 3 of the Dungeon.
You visited 1 branch of the dungeon, and saw 3 of its levels.

You collected 154 gold pieces.

Inventory:

Missiles
 n - 6 boomerangs (quivered)
Armour
 c - an orb of light (worn)
 l - the +0 robe of Midnight (worn) {+Inv Fly Dex-3 SInv}
   (You found it on level 3 of the Dungeon)

   Dex-3:     It affects your dexterity (-3).
   SInv:      It lets you see invisible.
   +Inv:      It lets you turn invisible.
   Fly:       It grants you flight.
Jewellery
 g - an amulet of faith
 k - a ring of wizardry (left hand)
Scrolls
 f - a scroll of amnesia
 j - a scroll of identify {unknown}
 m - a scroll of fear {unknown}
 o - a scroll of enchant armour {unknown}
 q - a scroll of poison {unknown}
Potions
 b - a potion of ambrosia
 d - a potion of haste
 e - a potion of might
 h - a potion of enlightenment
 i - a potion of degeneration {unknown}
 p - 2 potions of heal wounds {unknown}


   Skills:
 + Level 4.5 Fighting
 + Level 4.1 Dodging
 * Level 5.1 Unarmed Combat


You had 5 spell levels left.
You didn't know any spells.
Your spell library contained the following spells:

 Spells                   Type           Power      Damage    Failure   Level
 Summon Small Mammal      Summ           0%         N/A       16%         1
 Sublimation of Blood     Necr           0%         N/A       22%         2
 Call Canine Familiar     Summ           0%         N/A       41%         3
 Petrify                  Alch/Erth      0%         N/A       80%         4
 Summon Blazeheart Golem  Fire/Summ      0%         N/A       80%         4
 Irradiate                Conj/Alch      0%         3d11      98%         5


Dungeon Overview and Level Annotations

Branches:
Dungeon (3/15)

Altars:
Dithmenos
Uskayaw

Annotations:
D:3 Arctor's ghost, amateur DEFE; Buffagor's ghost, amateur NaSh; Jo5h's ghost, amateur MiFi


Innate Abilities, Weirdness & Mutations

You are partially covered in sharp spines.
Your touch may inflict irresistible damage on your foes.
You are robust. (+10% HP)
You are covered in fur. (AC +1)


Message History

Solopath's ghost is almost destroyed.
You barely miss Buffagor's ghost. You barely miss Buffagor's ghost.
Buffagor's ghost is struck by your spines.
Buffagor's ghost hits you.
Arctor's ghost says, "Don't worry, you'll be warm in a moment."
Arctor's ghost is struck by your spines.
Arctor's ghost misses you.
You punch solopath's ghost!
You destroy solopath's ghost!
Arctor's ghost hits you but does no damage.
Your Dodging skill increases to level 4!
Your Unarmed Combat skill increases to level 5!
You have reached level 6!
Your demonic ancestry asserts itself...
Your hands glow brighter with unholy energy.
You punch Jo5h's ghost!
Jo5h's ghost is moderately damaged.
You hit Jo5h's ghost.
Jo5h's ghost is moderately damaged.
Buffagor's ghost hits you but does no damage.
Jo5h's ghost barely misses you.
Arctor's ghost is struck by your spines.
Arctor's ghost completely misses you.
You punch Jo5h's ghost!
Jo5h's ghost is heavily damaged.
You hit Jo5h's ghost.
Jo5h's ghost is severely damaged.
Buffagor's ghost hits you. Jo5h's ghost hits you!
* * * LOW HITPOINT WARNING * * *
Arctor's ghost is struck by your spines.
Arctor's ghost misses you.
Unknown command.
It was a potion of enlightenment.
You feel more buoyant. Buffagor's ghost barely misses you.
Jo5h's ghost closely misses you.
Arctor's ghost wails, "There is no future for me!"
Arctor's ghost hits you but does no damage.
You are electrocuted!
You die...

..#...# #...........##..........
..#...####.#..#.#............###.
......).)..#....................(
#.#...........#.#.##..........##.
#...............#..........#..##.
.....#####.#..#..................
#....#####.........#..#....#..##.
...............W.................
.....#.........W@..............<.
...[.....####''W####.............
.....#####........?#..#..........
.#...#####8......$8#.......#..###
.<.......#!.......!#.............
.....#####.........##.##.......##
..)......##8.....8###.##..##...##
.#........##".⌠.$##..............
.#.#..##### ######.............##


You could see Arctor's ghost, Buffagor's ghost and Jo5h's ghost.

Vanquished Creatures
  The ghost of solopath the Insei, an amateur DsSh (D:3)
  An ogre (D:3)
  Jessica (D:2)
  3 adders
  A ribbon worm (D:2)
  5 dart slugs
  An orc (D:3)
  6 bats
  5 endoplasms
  6 giant cockroaches (D:3)
  3 hobgoblins
  4 kobolds
  5 quokkas
  4 ball pythons
  2 frilled lizards
  A rat (D:1)
49 creatures vanquished.

Notes
Turn   | Place    | Note
-------+----------+-------------------------------------------
     0 | D:1      | Rassilon the Demonspawn Monk began the quest for the Orb.
     0 | D:1      | Reached XP level 1. HP: 18/18 MP: 1/1
   147 | D:1      | You fall into a shaft and drop 1 floor!
   159 | D:2      | Reached skill level 3 in Unarmed Combat
   203 | D:2      | Gained mutation: Your touch may inflict minor irresistible
                  | damage on your foes. [demonic ancestry]
   203 | D:2      | Reached XP level 2. HP: 24/24 MP: 2/2
   538 | D:2      | Found a hide-covered altar of Uskayaw.
   553 | D:2      | Noticed Jessica
   562 | D:2      | Killed Jessica
   563 | D:2      | Gained mutation: You are partially covered in sharp spines.
                  | [demonic ancestry]
   563 | D:2      | Reached XP level 3. HP: 18/29 MP: 3/3
  1073 | D:3      | Reached XP level 4. HP: 24/35 MP: 4/4
  1079 | D:3      | Identified the +0 robe of Midnight {+Inv Fly Dex-3 SInv}
  1133 | D:3      | Found a runed translucent gate.
  1133 | D:3      | Found a runed translucent gate.
  1133 | D:3      | Found a runed translucent gate.
  1148 | D:3      | Noticed an ogre
  1161 | D:3      | HP: 1/35 [ogre/+0 giant club (16)]
  1164 | D:3      | Noticed solopath's ghost (amateur DsSh)
  1164 | D:3      | Noticed Buffagor's ghost (amateur NaSh)
  1166 | D:3      | Noticed Arctor's ghost (amateur DEFE)
  1527 | D:1      | Found a faded altar of an unknown god.
  2038 | D:3      | Killed an ogre
  2039 | D:3      | Reached skill level 4 in Unarmed Combat
  2039 | D:3      | Reached XP level 5. HP: 42/42 MP: 5/5
  2043 | D:3      | Noticed Jo5h's ghost (amateur MiFi)
  2285 | D:3      | Found a shadowy altar of Dithmenos.
  2703 | D:3      | Gained mutation: You have large cloven feet. [potion of
                  | mutation]
  2703 | D:3      | Gained mutation: Your health recovers twice as slowly from
                  | being drained. [potion of mutation]
  2703 | D:3      | Gained mutation: You have a pair of small antennae on your
                  | head. [potion of mutation]
  2705 | D:3      | Lost mutation: You have a pair of small antennae on your
                  | head. [potion of mutation]
  2705 | D:3      | Lost mutation: You have large cloven feet. [potion of
                  | mutation]
  2705 | D:3      | Gained mutation: You sometimes lose your temper in combat.
                  | [potion of mutation]
  2705 | D:3      | Lost mutation: Your health recovers twice as slowly from
                  | being drained. [potion of mutation]
  2706 | D:3      | Lost mutation: You sometimes lose your temper in combat.
                  | [potion of mutation]
  2706 | D:3      | Gained mutation: You are robust. (+10% HP) [potion of
                  | mutation]
  2706 | D:3      | Gained mutation: You are covered in fur. (AC +1) [potion of
                  | mutation]
  2715 | D:3      | Killed solopath's ghost
  2716 | D:3      | Reached skill level 5 in Unarmed Combat
  2716 | D:3      | Gained mutation: Your touch may inflict irresistible damage
                  | on your foes. [demonic ancestry]
  2716 | D:3      | Reached XP level 6. HP: 30/53 MP: 6/6
  2720 | D:3      | Slain by Arctor's ghost

Illustrated notes

Levels and vault maps discovered:
D:1:      lemuel_arrival_funnel, layout_loops_ring,
          hellmonk_ecumenical_altar_inner_sanctum, grunt_decor_fettered
D:2:      layout_loops_cross, basic_altar, uniq_jessica
D:3:      layout_basic, general_overflow_altar, gup_sewer_entry_pipe,
          gammafunk_ghost_cemetery, st_stairs_7

Skill      XL: |  1  2  3  4  5 |
---------------+----------------+-----
Unarmed Combat | 3 4 5 |  5.1
Dodging        | 3 4 |  4.1
Fighting       | 4 |  4.5

Action                     |  1- 3 |  4- 6 || total
---------------------------+-------+-------++-------
  Melee: Unarmed           |    80 |    73 ||   153
  Throw: Throwing net      |       |     1 ||     1
    Use: Scroll            |     2 |       ||     2
         Potion            |       |     6 ||     6
   Stab: Held in net/web   |       |     1 ||     1
 Armour: Robe              |    31 |    23 ||    54
  Dodge: Dodged            |    43 |    33 ||    76
